 Dungeon Crawl Stone Soup version 0.28.0 (webtiles) character file.

Game seed: 6996533831623006823

14 HallandMoats the Skirmisher (level 2, 21/21 HPs)
             Began as an Octopode Monk on Feb 7, 2022.
             Was the Champion of Ignis.
             Got out of the dungeon alive.
             The game lasted 00:00:32 (682 turns).

HallandMoats the Skirmisher (Octopode Monk)          Turns: 682, Time: 00:00:33

Health: 21/21      AC:  1    Str: 10    XL:     2   Next: 45%
Magic:  2/2        EV: 14    Int: 12    God:    Ignis [******]
Gold:   46         SH:  0    Dex: 14    Spells: 1/1 levels left

rFire   + . .      SeeInvis .     - Unarmed
rCold   . . .      Faith    .   (no shield)
rNeg    . . .      Spirit   .   (helmet restricted)
rPois   .          Reflect  .   (no amulet)
rElec   .          Harm     .   (no ring)
rCorr   .          Rampage  .   (no ring)
Will    .....                   (no ring)
Stlth   +++.......              (no ring)
HPRegen 0.07/turn               (no ring)
MPRegen 0.08/turn               (no ring)
                                (no ring)
                                (no ring)

@: no status effects
A: almost no armour, amphibious, 8 rings, camouflage 1, gelatinous body 1,
(nimble swimmer 1), tentacles
a: Renounce Religion, Fiery Armour, Foxfire Swarm, Rising Flame


You escaped.
You worshipped Ignis.
Ignis was exalted by your worship.
You visited 1 branch of the dungeon, and saw 1 of its levels.

You collected 46 gold pieces.

Inventory:

Scrolls
 a - a scroll of fog {unknown}
 b - a scroll of identify {unknown}
Potions
 c - a potion of curing {unknown}
 d - a potion of heal wounds {unknown}
 e - a potion of might {unknown}


   Skills:
 * Level 3.2 Fighting
 * Level 3.2 Dodging
 + Level 3.0 Stealth
 * Level 3.1 Unarmed Combat
 + Level 0.3 Invocations


You had one spell level left.
You didn't know any spells.
Your spell library was empty.

Dungeon Overview and Level Annotations

Branches:
Dungeon (1/15)

Altars:
Ignis


Innate Abilities, Weirdness & Mutations

You cannot wear most types of armour.
You are amphibious.
You can wear up to eight rings at the same time.
Your skin changes colour to match your surroundings (Stealth+).
Your rubbery body absorbs attacks. (AC +1, EV +1)
((You are camouflaged when in or above water. (Stealth+)))
You have tentacles for arms and can constrict up to eight enemies at once.


Message History

The hobgoblin barely misses you.
You tentacle-slap the hobgoblin. You grab the hobgoblin.
You squeeze the hobgoblin.
You kill the hobgoblin!
No target in view!
No target in view!
No target in view!
No target in view!
No target in view!
No target in view!
No target in view!
No target in view!
No target in view!
No target in view!
No target in view!
No target in view!
No target in view!
No target in view!
No target in view!
No target in view!
No target in view!
No target in view!
Found a gold piece.
You now have 44 gold pieces (gained 1).
There is a faded altar of an unknown god here.
You now have 45 gold pieces (gained 1).
You now have 46 gold pieces (gained 1).
There is a faded altar of an unknown god here.
You cannot tell which god this altar belongs to.
Convert to them anyway?
Ignis accepts your prayer! Ignis welcomes you!
You can now rocket upward and away.
(D) Dungeon
Where to? (? - help)
What level of the Dungeon? (default 1, ? - help)
There is a large open door here.
There is a large open door here.
There is a staircase leading out of the dungeon here.
Are you sure you want to leave the Dungeon?
This will make you lose the game!
You have escaped!

#......................
#.#####.........#.####.
#.#.#.#........#.
#.#...###.####.#.
..#..............
#####...##.####.#.
######...##.# #.#.
#...##...##.# #.#.
#.@.''.>.##.# #.##
#...##...##.####...
#+####...##.##.....
##+###.##..... #.....
###... #... #... #...


There were no monsters in sight!

Vanquished Creatures
  A dart slug (D:1)
  An endoplasm (D:1)
  2 giant cockroaches (D:1)
  2 hobgoblins (D:1)
  3 bats (D:1)
  2 frilled lizards (D:1)
  A kobold (D:1)
12 creatures vanquished.

Notes
Turn   | Place    | Note
-------+----------+-------------------------------------------
     0 | D:1      | HallandMoats the Octopode Monk began the quest for the Orb.
     0 | D:1      | Reached XP level 1. HP: 16/16 MP: 1/1
   244 | D:1      | Reached XP level 2. HP: 18/21 MP: 2/2
   596 | D:1      | Found a faded altar of an unknown god.
   615 | D:1      | Prayed at the altar of an unknown god.
   615 | D:1      | Became a worshipper of Ignis, the Dying Flame
   615 | D:1      | Reached ****** piety under Ignis
   682 | D:$      | Got out of the dungeon alive.

Illustrated notes

Levels and vault maps discovered:
D:1:      dpeg_arrival_simpleton_b, layout_basic,
          hellmonk_ecumenical_altar_pennies_from_heaven, chequers_avenue,
          minmay_three_crescents

Skill      XL: |  1  2 |
---------------+-------+-----
Stealth        | 3 |  3.0
Fighting       | |  3.2
Dodging        | |  3.2
Unarmed Combat | |  3.1
Invocations    | |  0.3

Action                   || total
-------------------------++-------
Melee: Unarmed           ||    33
       Constrict         ||     7
       Tentacles         ||     2
 Stab: Sleeping          ||     2
Armor: Skin              ||     7
Dodge: Dodged            ||    36
